 Dungeon Crawl Stone Soup version 0.26-a0-613-g4f23886233 (webtiles) character file.

Game seed: 1876880239512945789

18223 Gargoyl the Fighter (level 12, 0/97 HPs)
             Began as a Gnoll Abyssal Knight on Sept 10, 2020.
             Was a High Priest of Lugonu.
             Slain by a komodo dragon (15 damage)
             ... on level 14 of the Dungeon on Sept 11, 2020.
             The game lasted 00:22:07 (14713 turns).

Gargoyl the Fighter (Gnoll Abyssal Knight)         Turns: 14713, Time: 00:22:08

Health: 0/97       AC: 21    Str: 17    XL:     12   Next: 56%
Magic:  23/23      EV:  8    Int: 15    God:    Lugonu [*****.]
Gold:   2612       SH:  5    Dex: 15    Spells: 25/25 levels left

rFire    + . .     SeeInvis +   M - +4 battleaxe
rCold    . . .     Faith    .   (shield currently unavailable)
rNeg     . . .     Spirit   .   k - +0 plate armour
rPois    .         Reflect  +   (helmet restricted)
rElec    .         Harm     .   g - +2 cloak
rCorr    .                      J - +0 pair of gloves (curse)
MR       +....                  m - +1 pair of boots
Stlth    ..........             D - amulet of reflection
HPRegen  0.26/turn              c - ring of protection from fire
MPRegen  0.18/turn              l - ring of see invisible

@: slowed, drained, very slow
A: distributed training, antennae 1, fangs 1, magic resistance 1, shaggy fur 1,
weak 1, strong nose
a: Depart the Abyss, Bend Space, Banish, Corrupt, Enter the Abyss, Renounce
Religion


You were on level 14 of the Dungeon.
You worshipped Lugonu.
Lugonu was extremely pleased with you.
You visited 1 branch of the dungeon, and saw 12 of its levels.
You visited the Abyss 1 time.
You also visited: Ossuary.

You collected 2612 gold pieces.

Inventory:

Hand Weapons
 a - a +3 hand axe
 j - a +0 flail of holy wrath
 L - a +2 whip of electrocution
 M - a +4 battleaxe (weapon)
Missiles
 K - 26 boomerangs (quivered)
Armour
 g - a +2 cloak (worn)
 i - a cursed +2 helmet
 k - a +0 plate armour (worn)
 m - a +1 pair of boots (worn)
 J - a cursed +0 pair of gloves (worn)
Jewellery
 c - a ring of protection from fire (left hand)
 l - a ring of see invisible (right hand)
 p - an uncursed ring of magical power {unknown}
 B - an uncursed amulet of regeneration
 D - an amulet of reflection (around neck)
Wands
 b - a wand of paralysis (21)
 o - a wand of iceblast (15)
 r - a wand of digging (11)
 E - a wand of polymorph (6)
 N - a wand of flame (23)
Scrolls
 e - a scroll of identify
 f - 2 scrolls of fog
 n - 4 scrolls of remove curse
 y - 3 scrolls of magic mapping
 C - 6 scrolls of teleportation
 H - 2 scrolls of blinking
Potions
 d - a potion of lignification
 h - 2 potions of heal wounds
 q - 3 potions of curing
 s - a potion of stabbing
 u - 3 potions of resistance
 v - a potion of flight
 x - 2 potions of cancellation
 z - 5 potions of invisibility
 A - a potion of berserk rage {unknown}
 G - 3 potions of brilliance
 O - a potion of haste {unknown}


   Skills:
 + Level 9.9(8.6) Fighting
 + Level 7.4(6.1) Short Blades
 + Level 7.4(6.1) Long Blades
 + Level 8.8(7.5) Axes
 + Level 7.4(6.1) Maces & Flails
 + Level 7.4(6.1) Polearms
 + Level 7.4(6.1) Staves
 + Level 7.4(6.1) Slings
 + Level 7.4(6.1) Bows
 + Level 7.4(6.1) Crossbows
 + Level 7.4(6.1) Throwing
 + Level 8.8(7.5) Armour
 + Level 7.9(6.6) Dodging
 + Level 7.4(6.1) Stealth
 + Level 7.4(6.1) Shields
 + Level 7.4(6.1) Unarmed Combat
 + Level 7.4(6.1) Spellcasting
 + Level 6.1(4.9) Conjurations
 + Level 6.1(4.9) Hexes
 + Level 6.1(4.9) Summonings
 + Level 6.1(4.9) Necromancy
 + Level 6.1(4.9) Translocations
 + Level 6.1(4.9) Transmutations
 + Level 6.1(4.9) Fire Magic
 + Level 6.1(4.9) Ice Magic
 + Level 6.1(4.9) Air Magic
 + Level 6.1(4.9) Earth Magic
 + Level 6.1(4.9) Poison Magic
 + Level 9.4(8.0) Invocations
 + Level 7.4(6.1) Evocations


You had 25 spell levels left.
You didn't know any spells.
Your spell library contained the following spells:

 Spells                   Type           Power        Failure   Level
 Animate Skeleton         Necr           ###...       52%         1
 Apportation              Tloc           ###...       52%         1
 Beastly Appendage        Tmut           ###...       52%         1
 Corona                   Hex            ###....      52%         1
 Sandblast                Erth           ###...       52%         1
 Summon Small Mammal      Summ           ###.         52%         1
 Call Imp                 Summ           ###.....     67%         2
 Ensorcelled Hibernation  Hex/Ice        ###...       67%         2
 Passwall                 Tmut/Erth      ###.....     67%         2
 Wereblood                Tmut           ###.....     67%         2
 Call Canine Familiar     Summ           ###.....     88%         3
 Confusing Touch          Hex            ###.....     88%         3
 Dazzling Flash           Conj/Hex       ###...       88%         3
 Spider Form              Tmut/Pois      ###.......   88%         3
 Stone Arrow              Conj/Erth      ###...       88%         3
 Summon Guardian Golem    Hex/Summ       ###.....     88%         3
 Tukima's Dance           Hex            ###.....     88%         3
 Ice Form                 Ice/Tmut       ###.....     99%         4
 Petrify                  Tmut/Erth      ###.....     99%         4
 Summon Ice Beast         Ice/Summ       ###.....     99%         4
 Summon Lightning Spire   Summ/Air       ###.....     99%         4
 Blade Hands              Tmut           ###.......   100%        5
 Lee's Rapid Deconstruct  Erth           ###.......   100%        5


Dungeon Overview and Level Annotations

Branches:
Dungeon (11/15)            Temple (0/1) D:7            Lair (0/6) D:11
Ossuary (visited)
    Orc: D:9-12

Altars:
Fedhas
Gozag
Makhleb
Ru

Annotations:
D:5 3 runed translucent doors, confidenceinterval's ghost, weakling GnDe
D:8 Prince Ribbit


Innate Abilities, Weirdness & Mutations

Your experience applies equally to all skills.
You have very sharp teeth.
Your uncanny sense of smell can sniff out nearby items.
You have a pair of small antennae on your head.
You are resistant to hostile enchantments. (MR+)
You are covered in fur. (AC +1)
You are weak. (Str -2)


Message History

The wraith hits you but does no damage. The wraith barely misses you.
You slash the wraith!
The wraith is almost destroyed.
The wraith hits you but does no damage. The wraith hits you.
* * * LOW HITPOINT WARNING * * *
The wraith drains your vigour!
You feel as though you will be slow longer.
You hit the wraith.
You destroy the wraith!
Lugonu accepts your kill. The komodo dragon closely misses you.
You hit the komodo dragon.
The komodo dragon is lightly wounded.
The komodo dragon bites you but does no damage.
The komodo dragon bites you!
* * * LOW HITPOINT WARNING * * *
You closely miss the komodo dragon.
The komodo dragon is lightly wounded.
The komodo dragon bites you!
You die...

#.# #.# ########.#
.........#
.######.(# #..# #..#
#..########
#@.........
#l#########
≈≈≈###W#########
#........@..(..##.#
#..........W.W.....#
#.#####.##.#.##.##.#
#.##.#.# .# #.##.#.#
W# #.##.#.# .#


You could see a komodo dragon and a wraith.

Vanquished Creatures
  Josephine (D:14)
  Harold (D:8)
  2 two-headed ogres (D:9)
  An unseen horror (D:11)
  Pikel (D:7)
  An ugly thing (D:10)
  Maurice (D:9)
  Maggie (D:8)
  2 trolls
  A hornet (D:11)
  A meliai (D:14)
  2 hippogriffs (D:11)
  6 spriggans (D:9)
  2 wraiths (D:14)
  20 yaks
  2 wyverns (D:10)
  Eustachio (D:6)
  2 basilisks (D:11)
  Menkaure (D:6)
  Edmund (D:5)
  2 water moccasins
  2 porcupines (D:10)
  2 ice beasts
  6 orc warriors
  4 phantoms
  3 black bears
  6 ogres
  A lemure (D:8)
  5 centaurs
  3 crocodiles (D:11)
  5 bullfrogs
  A big kobold (D:9)
  A wyvern zombie (D:7)
  A gnoll sergeant (D:9)
  5 scorpions
  10 killer bees
  5 wights (D:6)
  3 howler monkeys
  7 centaur zombies
  5 jellies
  A bullfrog zombie (D:11)
  4 hounds
  A centaur skeleton (D:7)
  2 bullfrog skeletons
  5 orc priests
  5 iguanas
  Jessica (D:3)
  A gnoll shaman (D:8)
  Ijyb (D:5)
  9 worker ants
  Natasha (twice) (D:2)
  16 orc wizards
  An ogre zombie (Ossuary)
  2 hound zombies
  2 hound skeletons
  7 mummies (Ossuary)
  Robin (D:4)
  18 gnolls
  3 worker ant zombies
  18 adders
  A shadow imp (D:6)
  A white imp (D:5)
  2 ufetubi
  3 oozes (D:1)
  5 adder zombies
  A worm (D:2)
  5 dart slugs
  6 leopard geckos
  36 orcs
  4 giant cockroaches
  15 goblins
  7 hobgoblins
  4 jackals
  6 kobolds
  3 quokkas
  A ball python (D:1)
  8 bats
  7 frilled lizards
  5 goblin zombies (Ossuary)
  9 hobgoblin zombies (Ossuary)
  2 kobold zombies (Ossuary)
  A leopard gecko skeleton (D:8)
  An orc zombie (Ossuary)
  3 quokka zombies (Ossuary)
  5 rats
  2 rat zombies (Ossuary)
370 creatures vanquished.

Vanquished Creatures (others)
  An orc wizard (D:4)
  12 fungi
  8 plants
21 creatures vanquished.

Grand Total: 391 creatures vanquished

Notes
Turn   | Place    | Note
-------+----------+-------------------------------------------
     0 | Abyss:1  | Gargoyl the Gnoll Abyssal Knight began the quest for the
                  | Orb.
     0 | Abyss:1  | Reached XP level 1. HP: 23/23 MP: 3/3
    42 | Abyss:1  | Noticed a smoke demon
    67 | Abyss:1  | Noticed a smoke demon
    69 | D:1      | Escaped the Abyss
   238 | D:1      | Reached XP level 2. HP: 29/29 MP: 5/5
   277 | D:1      | Reached * piety under Lugonu
   333 | D:1      | Reached XP level 3. HP: 25/35 MP: 6/6
   942 | D:1      | Reached skill level 1 in Short Blades
   942 | D:1      | Reached skill level 1 in Long Blades
   942 | D:1      | Reached skill level 1 in Maces & Flails
   942 | D:1      | Reached skill level 1 in Polearms
   942 | D:1      | Reached skill level 1 in Staves
   942 | D:1      | Reached skill level 1 in Slings
   942 | D:1      | Reached skill level 1 in Bows
   942 | D:1      | Reached skill level 1 in Crossbows
   942 | D:1      | Reached skill level 1 in Throwing
   942 | D:1      | Reached skill level 1 in Stealth
   942 | D:1      | Reached skill level 1 in Shields
   942 | D:1      | Reached skill level 1 in Unarmed Combat
   942 | D:1      | Reached skill level 1 in Spellcasting
   942 | D:1      | Reached skill level 1 in Evocations
  1030 | D:2      | Reached XP level 4. HP: 28/41 MP: 7/7
  1468 | D:2      | Found a burning altar of Makhleb.
  1614 | D:2      | Noticed Natasha
  1621 | D:2      | Reached ** piety under Lugonu
  1628 | D:2      | Killed Natasha
  1628 | D:2      | Reached skill level 1 in Conjurations
  1628 | D:2      | Reached skill level 1 in Hexes
  1628 | D:2      | Reached skill level 1 in Summonings
  1628 | D:2      | Reached skill level 1 in Necromancy
  1628 | D:2      | Reached skill level 1 in Translocations
  1628 | D:2      | Reached skill level 1 in Transmutations
  1628 | D:2      | Reached skill level 1 in Fire Magic
  1628 | D:2      | Reached skill level 1 in Ice Magic
  1628 | D:2      | Reached skill level 1 in Air Magic
  1628 | D:2      | Reached skill level 1 in Earth Magic
  1628 | D:2      | Reached skill level 1 in Poison Magic
  1759 | D:2      | Reached XP level 5. HP: 47/47 MP: 8/8
  1846 | D:2      | Found a sacrificial altar of Ru.
  1973 | D:2      | Noticed Natasha
  1980 | D:2      | Killed Natasha
  2282 | D:3      | Noticed Jessica
  2314 | D:3      | Killed Jessica
  2600 | D:4      | Noticed Robin
  2612 | D:4      | Killed Robin
  2732 | D:4      | Reached skill level 5 in Invocations
  2732 | D:4      | Reached XP level 6. HP: 44/53 MP: 9/9
  2918 | D:4      | Noticed a phantom
  2945 | D:4      | Reached skill level 5 in Axes
  2945 | D:4      | Reached skill level 5 in Armour
  2988 | D:4      | Killed a phantom
  3432 | D:4      | Reached XP level 7. HP: 55/59 MP: 10/10
  3939 | D:4      | Reached *** piety under Lugonu
  4097 | D:5      | Entered Level 5 of the Dungeon
  4653 | D:5      | Reached XP level 8. HP: 62/67 MP: 12/12
  4969 | D:5      | Noticed Ijyb
  4989 | D:5      | Killed Ijyb
  5068 | D:5      | Noticed Edmund
  5097 | D:5      | Killed Edmund
  5251 | D:5      | Found a runed translucent door.
  5312 | D:5      | Found a runed translucent door.
  5517 | D:5      | Found a runed translucent door.
  5517 | D:5      | Noticed confidenceinterval's ghost (weakling GnDe)
  5636 | D:5      | Upgraded the game from 0.26-a0-612-gd4d190f45e to
                  | 0.26-a0-613-g4f23886233
  5828 | D:6      | Found a sand-covered staircase.
  5840 | Ossuary  | Entered an ossuary
  6038 | Ossuary  | Reached **** piety under Lugonu
  6564 | D:6      | Noticed Eustachio
  6590 | D:6      | Killed Eustachio
  6590 | D:6      | Reached XP level 9. HP: 23/73 MP: 14/14
  6846 | D:6      | Found a blossoming altar of Fedhas.
  7318 | D:6      | Noticed Menkaure
  7387 | D:6      | Killed Menkaure
  7387 | D:6      | Reached skill level 5 in Dodging
  7533 | D:7      | Found a staircase to the Ecumenical Temple.
  7577 | D:7      | Identified a scroll of acquirement
  7577 | D:7      | Acquired 1950 gold pieces
  8499 | D:8      | Noticed Maggie
  8528 | D:8      | Killed Maggie
  8528 | D:8      | Reached XP level 10. HP: 56/80 MP: 17/17
  8794 | D:8      | Reached skill level 5 in Short Blades
  8794 | D:8      | Reached skill level 5 in Long Blades
  8794 | D:8      | Reached skill level 5 in Maces & Flails
  8794 | D:8      | Reached skill level 5 in Polearms
  8794 | D:8      | Reached skill level 5 in Staves
  8794 | D:8      | Reached skill level 5 in Slings
  8794 | D:8      | Reached skill level 5 in Bows
  8794 | D:8      | Reached skill level 5 in Crossbows
  8794 | D:8      | Reached skill level 5 in Throwing
  8794 | D:8      | Reached skill level 5 in Stealth
  8794 | D:8      | Reached skill level 5 in Shields
  8794 | D:8      | Reached skill level 5 in Unarmed Combat
  8794 | D:8      | Reached skill level 5 in Spellcasting
  8794 | D:8      | Reached skill level 5 in Evocations
  8820 | D:8      | Reached ***** piety under Lugonu
  9160 | D:8      | Noticed Prince Ribbit
  9381 | D:8      | Noticed Harold
  9413 | D:8      | Killed Harold
  9741 | D:8      | Noticed Pikel
  9773 | D:7      | Killed Pikel
 10366 | D:9      | Noticed a two-headed ogre
 10383 | D:9      | Killed a two-headed ogre
 10383 | D:9      | Reached XP level 11. HP: 49/89 MP: 19/19
 10504 | D:9      | Reached skill level 5 in Conjurations
 10504 | D:9      | Reached skill level 5 in Hexes
 10504 | D:9      | Reached skill level 5 in Summonings
 10504 | D:9      | Reached skill level 5 in Necromancy
 10504 | D:9      | Reached skill level 5 in Translocations
 10504 | D:9      | Reached skill level 5 in Transmutations
 10504 | D:9      | Reached skill level 5 in Fire Magic
 10504 | D:9      | Reached skill level 5 in Ice Magic
 10504 | D:9      | Reached skill level 5 in Air Magic
 10504 | D:9      | Reached skill level 5 in Earth Magic
 10504 | D:9      | Reached skill level 5 in Poison Magic
 10816 | D:9      | Noticed Maurice
 10823 | D:9      | Noticed a two-headed ogre
 10848 | D:9      | Killed Maurice
 10891 | D:9      | Killed a two-headed ogre
 11852 | D:10     | Entered Level 10 of the Dungeon
 11898 | D:10     | Noticed a white ugly thing
 11925 | D:10     | Killed a white ugly thing
 12141 | D:10     | Gained mutation: You expend magic power (3 MP) to
                  | strengthen your wands. [potion of mutation]
 12141 | D:10     | Gained mutation: You have a somewhat thin skeletal
                  | structure. (Dex +2, Stealth) [potion of mutation]
 12142 | D:10     | Lost mutation: You expend magic power (3 MP) to strengthen
                  | your wands. [potion of mutation]
 12142 | D:10     | Lost mutation: You have a somewhat thin skeletal structure.
                  | (Dex +2, Stealth) [potion of mutation]
 12142 | D:10     | Gained mutation: You are weak. (Str -2) [potion of
                  | mutation]
 12142 | D:10     | Lost mutation: You are weak. (Str -2) [potion of mutation]
 12142 | D:10     | Gained mutation: Your mind is acute. (Int +2) [potion of
                  | mutation]
 12143 | D:10     | Lost mutation: Your mind is acute. (Int +2) [potion of
                  | mutation]
 12143 | D:10     | Gained mutation: You are covered in fur. (AC +1) [potion of
                  | mutation]
 12143 | D:10     | Gained mutation: You are resistant to hostile enchantments.
                  | (MR+) [potion of mutation]
 12143 | D:10     | Gained mutation: You are weak. (Str -2) [potion of
                  | mutation]
 12143 | D:10     | Gained mutation: You have a pair of small antennae on your
                  | head. [potion of mutation]
 12430 | D:11     | Found an opulent altar of Gozag.
 12728 | D:11     | Found a staircase to the Lair.
 12774 | D:10     | Reached XP level 12. HP: 54/96 MP: 22/22
 13811 | D:11     | Paralysed by a hornet for 3 turns
 14240 | D:11     | Reached ****** piety under Lugonu
 14289 | D:11     | You fall into a shaft and drop 3 floors!
 14679 | D:14     | Noticed Josephine
 14704 | D:14     | Killed Josephine
 14713 | D:14     | Slain by a komodo dragon

Illustrated notes

Levels and vault maps discovered:
D:1:      dpeg_arrival_shelter, layout_loops_cross
D:2:      layout_basic, nicolae_ru_the_path_less_chosen, bloody_makhleb,
          uniq_natasha
D:3:      layout_rooms, uniq_jessica
D:4:      layout_basic, minivault_23, uniq_robin
D:5:      lemuel_insect_pit, layout_loops_corners,
          hellmonk_ghost_happy_afterlife, hangedman_decor_lopped,
          kennysheep_donut, uniq_ijyb, uniq_edmund
D:6:      layout_basic, lightli_ossuary_entry_decrepit_ruins,
          grunt_ministairs_14, fedhas_altar_1, uniq_eustachio, uniq_menkaure
D:7:      old_forge, layout_loops_ring, minmay_temple_entry_stoned_glass
D:8:      layout_layer_cave, uniq_prince_ribbit1, uniq_maggie, uniq_pikel,
          uniq_harold
D:9:      kb_forest_paths, layout_loops_ring, grunt_ministairs_2, uniq_maurice
D:10:     layout_rooms
D:11:     layout_cave_pools, minmay_lair_entry_grove, nicolae_gozag_seed_capital
D:14:     layout_loops_ring, serial_park_avenue1, serial_rivers,
          chequers_serial_rivers_large_a, chequers_serial_rivers_room_a,
          chequers_serial_rivers_small_b, chequers_serial_rivers_micro_e,
          chequers_serial_rivers_room_a, uniq_josephine, uniq_nessos

Skill      XL: |  1  2  3  4  5  6  7  8  9 10 11 12 |
---------------+-------------------------------------+-----
Short Blades   | 1 2 3 4 5 6 7 |  7.4
Long Blades    | 1 2 3 4 5 6 7 |  7.4
Maces & Flails | 1 2 3 4 5 6 7 |  7.4
Polearms       | 1 2 3 4 5 6 7 |  7.4
Staves         | 1 2 3 4 5 6 7 |  7.4
Slings         | 1 2 3 4 5 6 7 |  7.4
Bows           | 1 2 3 4 5 6 7 |  7.4
Crossbows      | 1 2 3 4 5 6 7 |  7.4
Throwing       | 1 2 3 4 5 6 7 |  7.4
Stealth        | 1 2 3 4 5 6 7 |  7.4
Shields        | 1 2 3 4 5 6 7 |  7.4
Unarmed Combat | 1 2 3 4 5 6 7 |  7.4
Spellcasting   | 1 2 3 4 5 6 7 |  7.4
Evocations     | 1 2 3 4 5 6 7 |  7.4
Conjurations   | 1 2 3 4 5 6 |  6.1
Hexes          | 1 2 3 4 5 6 |  6.1
Summonings     | 1 2 3 4 5 6 |  6.1
Necromancy     | 1 2 3 4 5 6 |  6.1
Translocations | 1 2 3 4 5 6 |  6.1
Transmutations | 1 2 3 4 5 6 |  6.1
Fire Magic     | 1 2 3 4 5 6 |  6.1
Ice Magic      | 1 2 3 4 5 6 |  6.1
Air Magic      | 1 2 3 4 5 6 |  6.1
Earth Magic    | 1 2 3 4 5 6 |  6.1
Poison Magic   | 1 2 3 4 5 6 |  6.1
Dodging        | 3 4 5 6 7 |  7.9
Invocations    | 5 6 7 8 9 |  9.4
Axes           | 5 6 7 8 |  8.8
Armour         | 5 6 7 8 |  8.8
Fighting       | 7 8 9 |  9.9

Action                   |  1- 3 |  4- 6 |  7- 9 | 10-12 || total
-------------------------+-------+-------+-------+-------++-------
Melee: Hand axe          |    88 |   189 |   788 |   523 ||  1588
       Bite              |     9 |    21 |    98 |   150 ||   278
       Punch             |     1 |     1 |     2 |       ||     4
       Whip              |       |       |       |   453 ||   453
       Battleaxe         |       |       |       |    75 ||    75
Throw: Boomerang         |       |       |       |     7 ||     7
Invok: Depart the Abyss  |     1 |       |       |       ||     1
       Bend Space        |       |       |       |     1 ||     1
       Banish            |       |       |       |     2 ||     2
Evoke: Wand              |       |       |     2 |       ||     2
  Use: Scroll            |       |     9 |    13 |    10 ||    32
       Potion            |       |     1 |     1 |     5 ||     7
 Stab: Sleeping          |     2 |       |       |       ||     2
       Paralysed         |       |       |     4 |       ||     4
Armor: Leather armour    |    23 |     1 |       |       ||    24
       Plate armour      |       |   153 |   456 |   621 ||  1230
       Skin              |       |       |     3 |       ||     3
Dodge: Dodged            |    65 |    70 |   254 |   423 ||   812
Block: Buckler           |       |       |   142 |   313 ||   455
       Reflection        |       |       |       |     2 ||     2
       Other             |       |       |       |    36 ||    36

Table legend: (Time is in decaauts)
 A = Elapsed time spent in this place.
 B = Non-inter-level travel time spent in this place.
 C = Inter-level travel time spent in this place.
 D = Time resting spent in this place.
 E = Time spent auto-exploring this place.
 F = Levels seen in this place.
 G = Mean time per level.
                   A        B        C        D        E       F      G
               +--------+--------+--------+--------+--------+-----+--------+
         Total |  14651 |  14324 |    327 |   3723 |   6862 |  14 | 1046.5 |
       Dungeon |  13864 |  13537 |    327 |   3571 |   6565 |  12 | 1155.3 |
         Abyss |     68 |     68 |      0 |      0 |     50 |   1 |   68.0 |
       Ossuary |    718 |    718 |      0 |    152 |    247 |   1 |  718.0 |
               +--------+--------+--------+--------+--------+-----+--------+

Top non-repeatable levels by time:
    D:10: 1731 daAuts
     D:8: 1668 daAuts
     D:5: 1620 daAuts
     D:4: 1560 daAuts
     D:9: 1386 daAuts
     D:7: 1248 daAuts
     D:2: 1014 daAuts
     D:6: 997 daAuts
     D:1: 943 daAuts
 Ossuary: 718 daAuts
    D:11: 673 daAuts
     D:3: 583 daAuts
    D:14: 436 daAuts
 Abyss:1: 68 daAuts
